General information
			
			
        
        - name: BNet
 
        - type: Ladder team game (AT/RT)
 
        - host: Battle.net
 
        - saver: BEAR_AND
 
        
map: Highperch 
        - players: 6
 
        - length: 353:10
 
        - speed: Fast
 - version: 1.21 W3XP
 - replay type:  

 
» download(1083 KB)
Players
        team 1 (loser) 
              
              
imnicetoyou (
orange | 40 APM | 12749 actions | 319:02)
              
 5 Death Knight 
 3 Death Coil
 2 Unholy Aura
 4 Lich 
 2 Frost Nova
 2 Frost Armor
 4 Dreadlord 
 2 Sleep
 2 Carrion Swarm
 1 Priestess of the Moon 
 1 Trueshot Aura
 
                » actions 
                
                | Assign group hotkey | 67 |  | 
| Basic commands | 91 |  | 
| Build / train | 105 |  | 
| ESC pressed | 3 |  | 
| Enter build submenu | 27 |  | 
| Enter hero's abilities submenu | 14 |  | 
| Give item / drop item | 36 |  | 
| Remove unit from queue | 2 |  | 
| Right click | 6394 |  | 
| Select / deselect | 3426 |  | 
| Select group hotkey | 1962 |  | 
| Use ability | 622 |  | 
                12749 total
 » units 
                
                | Acolyte | 7 |  | 
| Ghoul | 4 |  | 
| Crypt Fiend | 13 |  | 
| Obsidian Statue | 3 |  | 
| Abomination | 1 |  | 
| Meatwagon | 2 |  | 
| Frost Wyrm | 2 |  | 
| Druid of the Talon | 2 |  | 
                34 total
 » upgrades
                
                | Burrow | 1 |  | 
| Web | 1 |  | 
| Destroyer Form | 1 |  | 
| Creature Attack | 3 |  | 
| Creature Carapace | 3 |  | 
| Disease Cloud | 1 |  | 
| Unholy Strength | 1 |  | 
| Freezing Breath | 1 |  | 
| Druid of the Talon Training | 1 |  | 
                13 total
 » buildings
                
                | Crypt | 2 |  | 
| Graveyard | 1 |  | 
| Altar of Darkness | 1 |  | 
| Ziggurat | 10 |  | 
| Tomb of Relics | 1 |  | 
| Nerubian Tower | 1 |  | 
| Halls of the Dead | 2 |  | 
| Spirit Tower | 6 |  | 
| Black Citadel | 1 |  | 
| Slaughterhouse | 3 |  | 
| Sacrificial Pit | 1 |  | 
| Boneyard | 2 |  | 
                31 total
 » build order
                00:06 Crypt
00:24 Graveyard
00:44 Altar of Darkness
00:56 Ziggurat
01:23 Tomb of Relics
02:00 Ziggurat
02:32 Nerubian Tower
03:49 Ziggurat
04:39 Halls of the Dead
04:39 Halls of the Dead
05:08 Ziggurat
06:40 Spirit Tower
06:40 Spirit Tower
06:41 Spirit Tower
07:02 Black Citadel
07:26 Slaughterhouse
07:30 Slaughterhouse
08:31 Ziggurat
09:53 Spirit Tower
09:54 Spirit Tower
10:01 Slaughterhouse
11:28 Ziggurat
13:52 Crypt
18:46 Sacrificial Pit
20:28 Boneyard
21:33 Boneyard
21:50 Ziggurat
21:56 Ziggurat
22:01 Ziggurat
34:47 Ziggurat
» items
                
                | Rod of Necromancy | 6 |  | 
| Dust of Appearance | 1 |  | 
| Potion of Healing | 2 |  | 
| Potion of Lesser Invulnerability | 1 |  | 
| Orb of Corruption | 2 |  | 
| Staff of Teleportation | 2 |  | 
                14 total
  
               
              
              
MKandTower (
teal | 66 APM | 6029 actions | 90:49)
              
 3 Priestess of the Moon 
 1 Scout
 2 Trueshot Aura
 3 Demon Hunter 
 2 Mana Burn
 1 Evasion
 3 Keeper of the Grove 
 2 Entangling Roots
 1 Thorns Aura
 
                » actions 
                
                | Assign group hotkey | 99 |  | 
| Basic commands | 154 |  | 
| Build / train | 78 |  | 
| ESC pressed | 8 |  | 
| Enter build submenu | 25 |  | 
| Enter hero's abilities submenu | 10 |  | 
| Give item / drop item | 1 |  | 
| Right click | 3507 |  | 
| Select / deselect | 699 |  | 
| Select group hotkey | 1138 |  | 
| Use ability | 310 |  | 
                6029 total
 » units 
                » upgrades
                
                | Nature's Blessing | 1 |  | 
| Strength of the Wild | 3 |  | 
| Reinforced Hides | 3 |  | 
| Abolish Magic | 1 |  | 
| Corrosive Breath | 1 |  | 
| Well Spring | 1 |  | 
                10 total
 » buildings
                
                | Altar of Elders | 1 |  | 
| Moon Well | 12 |  | 
| Hunter's Hall | 1 |  | 
| Ancient of War | 2 |  | 
| Tree of Ages | 1 |  | 
| Ancient of Lore | 2 |  | 
| Tree of Life | 1 |  | 
| Tree of Eternity | 1 |  | 
| Ancient of Wonders | 1 |  | 
| Ancient of Wind | 2 |  | 
| Chimaera Roost | 3 |  | 
                27 total
 » build order
                00:05 Altar of Elders
00:17 Moon Well
02:03 Hunter's Hall
02:06 Ancient of War
03:29 Moon Well
03:34 Tree of Ages
03:50 Moon Well
04:16 Moon Well
06:22 Ancient of Lore
06:25 Ancient of Lore
09:39 Tree of Life
10:34 Tree of Eternity
16:55 Ancient of War
16:56 Ancient of Wonders
17:54 Ancient of Wind
17:57 Ancient of Wind
19:26 Chimaera Roost
19:28 Chimaera Roost
19:29 Chimaera Roost
21:47 Moon Well
21:48 Moon Well
21:48 Moon Well
21:52 Moon Well
21:53 Moon Well
21:53 Moon Well
23:35 Moon Well
23:35 Moon Well
» items
                
                | Boots of Speed | 1 |  | 
| Staff of Teleportation | 1 |  | 
| Dust of Appearance | 1 |  | 
| Orb of Venom | 1 |  | 
| Potion of Healing | 1 |  | 
| Staff of Preservation | 1 |  | 
                6 total
  
               
              
              
palandtower (
pink | 32 APM | 11191 actions | 353:08)
              
 3 Archmage 
 1 Summon Water Elemental
 2 Brilliance Aura
 2 Mountain King 
 1 Storm Bolt
 1 Thunder Clap
 1 Priestess of the Moon 
 1 Scout
 
                » actions 
                
                | Assign group hotkey | 229 |  | 
| Basic commands | 413 |  | 
| Build / train | 167 |  | 
| ESC pressed | 21 |  | 
| Enter build submenu | 79 |  | 
| Enter hero's abilities submenu | 6 |  | 
| Give item / drop item | 7 |  | 
| Remove unit from queue | 1 |  | 
| Right click | 4016 |  | 
| Select / deselect | 2600 |  | 
| Select group hotkey | 3015 |  | 
| Use ability | 636 |  | 
                11191 total
 » units 
                
                | Peasant | 28 |  | 
| Mortar Team | 8 |  | 
| Sorceress | 4 |  | 
| Priest | 1 |  | 
| Flying Machine | 3 |  | 
| Dragonhawk Rider | 9 |  | 
| Siege Engine | 8 |  | 
| Chimaera | 1 |  | 
                62 total
 » upgrades
                
                | Masonry | 3 |  | 
| Lumber Harvesting | 2 |  | 
| Flare | 1 |  | 
| Sorceress Training | 1 |  | 
| Fragmentation Shards | 1 |  | 
| Animal War Training | 1 |  | 
| Magic Sentry | 1 |  | 
| Gunpowder | 4 |  | 
| Armor | 2 |  | 
| Swords | 1 |  | 
| Plating | 3 |  | 
| Cloud | 1 |  | 
| Priest Training | 1 |  | 
| Barrage | 1 |  | 
| Ultravision | 1 |  | 
| Backpack | 1 |  | 
                25 total
 » buildings
                
                | Altar of Kings | 1 |  | 
| Farm | 14 |  | 
| Lumber Mill | 1 |  | 
| Barracks | 1 |  | 
| Scout Tower | 37 |  | 
| Arcane Tower | 5 |  | 
| Guard Tower | 39 |  | 
| Keep | 4 |  | 
| Blacksmith | 1 |  | 
| Arcane Sanctum | 3 |  | 
| Workshop | 2 |  | 
| Arcane Vault | 1 |  | 
| Castle | 4 |  | 
| Town Hall | 1 |  | 
| Gryphon Aviary | 7 |  | 
                121 total
 » build order
                00:09 Altar of Kings
00:18 Farm
00:32 Lumber Mill
00:49 Barracks
01:17 Scout Tower
01:52 Farm
02:19 Arcane Tower
02:19 Arcane Tower
02:19 Arcane Tower
02:33 Scout Tower
03:17 Guard Tower
03:17 Guard Tower
03:37 Keep
03:37 Keep
03:38 Keep
04:01 Scout Tower
04:08 Blacksmith
05:29 Guard Tower
05:30 Guard Tower
05:33 Farm
06:03 Farm
06:13 Arcane Sanctum
06:15 Arcane Sanctum
06:17 Workshop
06:18 Workshop
06:51 Arcane Sanctum
06:54 Farm
06:59 Scout Tower
07:01 Scout Tower
07:04 Scout Tower
07:31 Arcane Tower
07:31 Guard Tower
07:36 Farm
08:45 Farm
09:25 Farm
09:32 Arcane Vault
10:03 Farm
10:23 Scout Tower
10:23 Scout Tower
10:25 Scout Tower
10:36 Farm
10:56 Guard Tower
11:43 Scout Tower
12:32 Guard Tower
12:32 Guard Tower
12:33 Scout Tower
12:37 Farm
13:34 Guard Tower
13:57 Castle
13:57 Castle
13:57 Castle
14:31 Town Hall
14:53 Scout Tower
14:55 Scout Tower
14:56 Scout Tower
15:10 Scout Tower
15:46 Guard Tower
15:46 Guard Tower
15:46 Guard Tower
15:47 Guard Tower
15:47 Guard Tower
15:47 Guard Tower
15:48 Scout Tower
15:49 Scout Tower
15:50 Scout Tower
16:39 Guard Tower
16:39 Guard Tower
16:39 Guard Tower
16:42 Scout Tower
16:44 Scout Tower
17:54 Gryphon Aviary
17:57 Gryphon Aviary
17:59 Guard Tower
17:59 Guard Tower
18:00 Guard Tower
18:02 Scout Tower
18:04 Scout Tower
18:07 Scout Tower
19:00 Guard Tower
19:00 Guard Tower
19:01 Scout Tower
19:11 Guard Tower
19:11 Guard Tower
19:47 Gryphon Aviary
19:48 Gryphon Aviary
20:27 Gryphon Aviary
20:28 Gryphon Aviary
23:43 Guard Tower
23:45 Gryphon Aviary
23:51 Farm
25:48 Farm
26:24 Farm
30:48 Scout Tower
30:49 Scout Tower
31:28 Arcane Tower
81:42 Scout Tower
81:50 Scout Tower
82:38 Guard Tower
82:40 Scout Tower
82:42 Scout Tower
82:58 Scout Tower
83:53 Guard Tower
83:53 Guard Tower
83:54 Scout Tower
83:56 Scout Tower
84:26 Guard Tower
84:27 Scout Tower
84:29 Scout Tower
85:19 Scout Tower
85:21 Scout Tower
86:54 Guard Tower
86:55 Guard Tower
86:55 Guard Tower
» items
                
                | Dust of Appearance | 1 |  | 
| Staff of Teleportation | 1 |  | 
                2 total
  
               team 2 (winner) 
              
              
BEAR_AND (
yellow | 29 APM | 10409 actions | 353:10)
              
 9 Warden 
 3 Shadow Strike
 3 Blink
 3 Fan of Knives
 1 Pandaren Brewmaster 
 1 Breath of Fire
 1 Blademaster 
 1 Bladestorm
 
                » actions 
                
                | Assign group hotkey | 46 |  | 
| Basic commands | 18 |  | 
| Build / train | 126 |  | 
| Enter build submenu | 32 |  | 
| Enter hero's abilities submenu | 15 |  | 
| Give item / drop item | 13 |  | 
| Remove unit from queue | 10 |  | 
| Right click | 6254 |  | 
| Select / deselect | 1072 |  | 
| Select group hotkey | 2171 |  | 
| Use ability | 648 |  | 
                10409 total
 » units 
                
                | Wisp | 26 |  | 
| Druid of the Talon | 37 |  | 
                63 total
 » upgrades
                
                | Ultravision | 1 |  | 
| Nature's Blessing | 1 |  | 
| Strength of the Wild | 3 |  | 
| Reinforced Hides | 3 |  | 
| Well Spring | 1 |  | 
| Druid of the Talon Training | 2 |  | 
| Mark of the Talon | 1 |  | 
                12 total
 » buildings
                
                | Altar of Elders | 1 |  | 
| Moon Well | 16 |  | 
| Tree of Ages | 1 |  | 
| Hunter's Hall | 1 |  | 
| Tree of Life | 1 |  | 
| Tree of Eternity | 1 |  | 
| Ancient of Wonders | 1 |  | 
| Ancient of Wind | 2 |  | 
| Scout Tower | 22 |  | 
| Arcane Tower | 6 |  | 
| Lumber Mill | 1 |  | 
| Guard Tower | 3 |  | 
                56 total
 » build order
                00:11 Altar of Elders
00:35 Moon Well
01:32 Moon Well
02:20 Moon Well
04:35 Tree of Ages
04:56 Hunter's Hall
05:34 Tree of Life
07:12 Moon Well
07:14 Moon Well
07:16 Moon Well
07:23 Moon Well
07:24 Moon Well
07:26 Moon Well
07:42 Moon Well
07:43 Moon Well
07:48 Moon Well
07:50 Moon Well
09:34 Tree of Eternity
10:00 Ancient of Wonders
11:30 Ancient of Wind
11:32 Ancient of Wind
22:42 Moon Well
22:44 Moon Well
22:45 Moon Well
57:06 Scout Tower
57:19 Scout Tower
57:21 Scout Tower
57:32 Scout Tower
57:38 Scout Tower
57:42 Scout Tower
57:47 Scout Tower
57:52 Arcane Tower
57:54 Arcane Tower
58:17 Arcane Tower
58:18 Arcane Tower
58:31 Arcane Tower
58:31 Arcane Tower
84:23 Lumber Mill
84:31 Scout Tower
84:32 Scout Tower
84:34 Scout Tower
84:36 Scout Tower
84:37 Scout Tower
84:38 Scout Tower
84:40 Scout Tower
85:33 Scout Tower
85:34 Scout Tower
85:43 Guard Tower
86:30 Guard Tower
86:36 Scout Tower
86:40 Scout Tower
86:42 Scout Tower
86:54 Scout Tower
86:59 Scout Tower
87:03 Scout Tower
88:30 Guard Tower
» items
                
                | Boots of Speed | 1 |  | 
| Healing Salve | 3 |  | 
| Lesser Clarity Potion | 8 |  | 
| Orb of Venom | 1 |  | 
| Staff of Teleportation | 1 |  | 
| Scroll of Town Portal | 1 |  | 
| Tiny Great Hall | 1 |  | 
                16 total
  
               
              
              
iggy_the_fisk (
green | 17 APM | 5841 actions | 353:08)
              
 6 Blademaster 
 3 Wind Walk
 3 Critical Strike
 1 Blood Mage 
 1 Summon Phoenix
 
                » actions 
                
                | Assign group hotkey | 261 |  | 
| Basic commands | 21 |  | 
| Build / train | 78 |  | 
| Enter build submenu | 58 |  | 
| Enter hero's abilities submenu | 7 |  | 
| Give item / drop item | 2 |  | 
| Remove unit from queue | 7 |  | 
| Right click | 3780 |  | 
| Select / deselect | 544 |  | 
| Select group hotkey | 835 |  | 
| Use ability | 248 |  | 
                5841 total
 » units 
                
                | Peon | 10 |  | 
| Troll Batrider | 26 |  | 
| Kodo Beast | 3 |  | 
| Demolisher | 1 |  | 
| Spirit Walker | 2 |  | 
                42 total
 » upgrades
                
                | Reinforced Defenses | 1 |  | 
| Liquid Fire | 1 |  | 
| War Drums Damage Increase | 1 |  | 
                3 total
 » buildings
                
                | Altar of Storms | 1 |  | 
| Orc Burrow | 4 |  | 
| War Mill | 1 |  | 
| Watch Tower | 35 |  | 
| Voodoo Lounge | 2 |  | 
| Stronghold | 3 |  | 
| Fortress | 1 |  | 
| Beastiary | 1 |  | 
| Barracks | 1 |  | 
| Spirit Lodge | 1 |  | 
                50 total
 » build order
                00:07 Altar of Storms
00:19 Orc Burrow
00:34 War Mill
01:48 Watch Tower
02:06 Watch Tower
02:24 Watch Tower
02:32 Voodoo Lounge
02:53 Watch Tower
03:18 Watch Tower
03:25 Stronghold
03:25 Stronghold
03:39 Voodoo Lounge
04:05 Watch Tower
04:49 Watch Tower
04:53 Watch Tower
05:00 Watch Tower
05:12 Watch Tower
05:46 Orc Burrow
05:55 Watch Tower
06:01 Watch Tower
06:05 Watch Tower
06:20 Watch Tower
07:02 Watch Tower
07:15 Fortress
08:17 Watch Tower
09:04 Watch Tower
09:07 Watch Tower
09:10 Watch Tower
09:19 Beastiary
10:10 Watch Tower
10:18 Barracks
10:33 Spirit Lodge
10:46 Watch Tower
11:12 Watch Tower
11:27 Orc Burrow
13:09 Watch Tower
13:46 Orc Burrow
18:46 Watch Tower
20:21 Watch Tower
23:35 Watch Tower
33:36 Watch Tower
34:45 Watch Tower
34:49 Watch Tower
36:30 Watch Tower
36:33 Watch Tower
37:41 Watch Tower
37:57 Watch Tower
37:59 Watch Tower
38:49 Watch Tower
» items
                
                | Healing Salve | 3 |  | 
| Lesser Clarity Potion | 4 |  | 
| Boots of Speed | 1 |  | 
| Staff of Teleportation | 1 |  | 
| Orb of Lightning | 1 |  | 
| Staff of Preservation | 1 |  | 
| Scroll of Town Portal | 3 |  | 
                14 total
  
               
              
              
TIMG4STRok (
blue | 67 APM | 3762 actions | 56:18)
              
 5 Blood Mage 
 3 Flame Strike
 2 Siphon Mana
 3 Pandaren Brewmaster 
 1 Breath of Fire
 2 Drunken Haze
 
                » actions 
                
                | Assign group hotkey | 18 |  | 
| Basic commands | 81 |  | 
| Build / train | 142 |  | 
| ESC pressed | 6 |  | 
| Enter build submenu | 111 |  | 
| Enter hero's abilities submenu | 8 |  | 
| Give item / drop item | 3 |  | 
| Right click | 1816 |  | 
| Select / deselect | 414 |  | 
| Select group hotkey | 743 |  | 
| Use ability | 420 |  | 
                3762 total
 » units 
                
                | Peasant | 14 |  | 
| Dragonhawk Rider | 26 |  | 
| Sorceress | 1 |  | 
                41 total
 » upgrades
                
                | Masonry | 3 |  | 
| Lumber Harvesting | 2 |  | 
| Magic Sentry | 1 |  | 
| Cloud | 1 |  | 
| Armor | 3 |  | 
| Swords | 3 |  | 
| Sorceress Training | 1 |  | 
| Animal War Training | 1 |  | 
                15 total
 » buildings
                
                | Altar of Kings | 1 |  | 
| Lumber Mill | 39 |  | 
| Farm | 15 |  | 
| Scout Tower | 109 |  | 
| Arcane Tower | 2 |  | 
| Guard Tower | 54 |  | 
| Arcane Vault | 3 |  | 
| Town Hall | 1 |  | 
| Keep | 1 |  | 
| Arcane Sanctum | 1 |  | 
| Castle | 1 |  | 
| Barracks | 1 |  | 
| Gryphon Aviary | 2 |  | 
| Blacksmith | 1 |  | 
                231 total
 » build order
                00:07 Altar of Kings
00:11 Lumber Mill
00:22 Farm
00:58 Farm
01:03 Scout Tower
01:18 Scout Tower
01:41 Arcane Tower
01:55 Scout Tower
01:58 Scout Tower
02:02 Arcane Tower
02:26 Guard Tower
02:28 Scout Tower
02:31 Scout Tower
02:44 Arcane Vault
03:03 Guard Tower
03:05 Scout Tower
03:08 Scout Tower
03:09 Guard Tower
03:37 Guard Tower
03:38 Scout Tower
03:39 Scout Tower
03:47 Guard Tower
03:48 Scout Tower
03:53 Scout Tower
03:54 Scout Tower
04:47 Guard Tower
04:49 Scout Tower
05:17 Guard Tower
05:22 Scout Tower
05:22 Scout Tower
05:55 Town Hall
06:11 Guard Tower
06:13 Guard Tower
06:18 Scout Tower
06:20 Scout Tower
06:26 Guard Tower
06:28 Scout Tower
07:03 Scout Tower
07:04 Guard Tower
07:08 Guard Tower
07:10 Scout Tower
07:11 Scout Tower
07:13 Scout Tower
07:13 Scout Tower
07:18 Scout Tower
07:19 Scout Tower
07:20 Scout Tower
07:22 Scout Tower
07:25 Scout Tower
07:33 Guard Tower
07:37 Scout Tower
07:38 Scout Tower
07:38 Scout Tower
07:40 Keep
07:43 Scout Tower
07:44 Scout Tower
07:45 Scout Tower
07:46 Scout Tower
08:17 Guard Tower
08:18 Scout Tower
08:19 Scout Tower
08:43 Guard Tower
08:49 Guard Tower
08:59 Guard Tower
09:05 Scout Tower
09:06 Scout Tower
09:06 Scout Tower
09:07 Scout Tower
09:13 Scout Tower
09:55 Guard Tower
09:57 Scout Tower
09:58 Scout Tower
10:00 Scout Tower
10:01 Scout Tower
10:01 Scout Tower
10:02 Scout Tower
10:06 Guard Tower
10:08 Arcane Sanctum
10:25 Guard Tower
10:38 Castle
11:00 Guard Tower
11:02 Scout Tower
11:03 Scout Tower
11:05 Scout Tower
11:06 Scout Tower
11:06 Scout Tower
11:14 Guard Tower
11:21 Guard Tower
11:50 Arcane Vault
13:12 Guard Tower
13:33 Guard Tower
13:45 Guard Tower
13:47 Barracks
13:50 Scout Tower
13:51 Scout Tower
13:54 Scout Tower
13:55 Scout Tower
13:56 Scout Tower
13:56 Scout Tower
13:57 Scout Tower
13:58 Scout Tower
14:00 Scout Tower
14:00 Scout Tower
14:24 Guard Tower
14:30 Gryphon Aviary
14:39 Guard Tower
14:57 Guard Tower
15:31 Guard Tower
15:38 Scout Tower
15:39 Scout Tower
15:39 Scout Tower
15:40 Scout Tower
15:41 Scout Tower
15:42 Scout Tower
16:02 Guard Tower
16:49 Guard Tower
17:28 Guard Tower
17:45 Scout Tower
17:46 Scout Tower
17:46 Scout Tower
17:52 Scout Tower
17:52 Scout Tower
17:53 Scout Tower
17:53 Scout Tower
17:54 Scout Tower
17:55 Scout Tower
18:02 Blacksmith
18:08 Farm
18:08 Farm
18:09 Farm
18:10 Farm
18:12 Farm
18:12 Farm
18:13 Farm
18:14 Farm
18:23 Guard Tower
18:47 Guard Tower
19:01 Guard Tower
19:11 Guard Tower
19:21 Guard Tower
20:24 Guard Tower
20:40 Scout Tower
20:41 Scout Tower
20:42 Guard Tower
21:40 Guard Tower
22:17 Lumber Mill
22:18 Lumber Mill
22:19 Lumber Mill
22:21 Lumber Mill
22:22 Lumber Mill
22:24 Lumber Mill
22:25 Lumber Mill
30:08 Scout Tower
30:36 Guard Tower
32:40 Scout Tower
32:41 Scout Tower
32:42 Scout Tower
33:09 Guard Tower
33:12 Scout Tower
33:12 Scout Tower
33:51 Scout Tower
33:52 Guard Tower
33:54 Scout Tower
34:01 Scout Tower
34:22 Guard Tower
34:25 Scout Tower
34:25 Scout Tower
34:34 Scout Tower
34:36 Scout Tower
34:37 Guard Tower
35:04 Scout Tower
35:06 Scout Tower
35:07 Scout Tower
35:14 Scout Tower
35:27 Scout Tower
35:33 Scout Tower
35:34 Scout Tower
35:56 Gryphon Aviary
35:58 Guard Tower
36:24 Guard Tower
36:43 Scout Tower
36:44 Scout Tower
36:45 Scout Tower
36:47 Scout Tower
36:52 Guard Tower
37:02 Scout Tower
37:08 Scout Tower
37:08 Scout Tower
37:11 Guard Tower
37:46 Farm
37:48 Farm
38:02 Guard Tower
38:23 Guard Tower
38:32 Scout Tower
38:38 Guard Tower
38:56 Farm
38:57 Farm
39:06 Farm
39:49 Arcane Vault
39:50 Guard Tower
41:52 Lumber Mill
41:57 Lumber Mill
41:59 Lumber Mill
42:00 Lumber Mill
42:05 Lumber Mill
42:07 Lumber Mill
42:08 Lumber Mill
42:09 Lumber Mill
42:11 Lumber Mill
42:12 Lumber Mill
42:14 Lumber Mill
42:15 Lumber Mill
42:15 Lumber Mill
42:16 Lumber Mill
42:18 Lumber Mill
42:20 Lumber Mill
42:20 Lumber Mill
42:22 Lumber Mill
46:25 Lumber Mill
46:28 Lumber Mill
46:29 Lumber Mill
46:30 Lumber Mill
46:33 Lumber Mill
46:34 Lumber Mill
47:42 Lumber Mill
47:43 Lumber Mill
47:44 Lumber Mill
47:45 Lumber Mill
47:47 Lumber Mill
47:48 Lumber Mill
48:31 Lumber Mill
» items
                
                | Staff of Teleportation | 2 |  | 
| Boots of Speed | 2 |  | 
| Lesser Clarity Potion | 3 |  | 
| Staff of Sanctuary | 2 |  | 
| Orb of Lightning | 3 |  | 
| Scroll of Regeneration | 1 |  | 
| Potion of Healing | 1 |  | 
| Scroll of Town Portal | 1 |  | 
                15 total
  
                Chat log
          (00:51 / All) TIMG4STRok: wppppppppppppppppppppppppppppppppppppppppppppppppOWZ09RS
(00:57 / All) BEAR_AND: Hello, greet
(01:04 / All) imnicetoyou: sup
(01:18 / All) BEAR_AND: http://jofhiwer.ch/ for all replays
(01:39 / All) TIMG4STRok: http://highper.ch he means
(02:41 / All) BEAR_AND: thata potm
(04:50 / All) BEAR_AND: ks by your own aow.......wat a noob
(04:50 / All) TIMG4STRok: quit now
(04:55 / All) palandtower: lol
(05:01 / All) palandtower: bad
(22:58 / All) BEAR_AND: ahahahhahahahaha
(24:27 / All) imnicetoyou: you guys are fucking boring
(24:33 / All) BEAR_AND: quit; bye
(24:44 / All) imnicetoyou: fuck you
(25:05 / All) imnicetoyou: die FUCK
(25:06 / All) BEAR_AND: lmao
(25:18 / All) BEAR_AND: lol ahahhahahah
(25:20 / All) BEAR_AND: angerey?
(26:43 / Allies) TIMG4STRok: '
(28:56 / All) MKandTower: zi sha
(29:00 / All) BEAR_AND: ENGLISH
(36:42 / All) BEAR_AND: your spiders are JAILED for beign bitches
(39:25 / All) imnicetoyou: skill less fuckers
(39:29 / All) BEAR_AND: ???????????????? i win
(39:30 / All) BEAR_AND: we win
(39:32 / All) BEAR_AND: u suck
(39:54 / All) BEAR_AND: leave, u have lost
(40:01 / All) BEAR_AND: lmfao
(42:39 / All) BEAR_AND: darryl.
(44:58 / All) BEAR_AND: fromn
(45:10 / All) BEAR_AND: FROM!!!
(47:57 / All) BEAR_AND: my last base ,   ,    ,    ƒ
(48:56 / All) TIMG4STRok: u never find my last lumber mill(ion)s
(48:58 / All) BEAR_AND: farewell timaldo
(49:01 / All) BEAR_AND: billiards
(49:18 / Allies) BEAR_AND: billiardth
(49:33 / All) BEAR_AND: faerwell wallace
(49:40 / All) TIMG4STRok: ƒare the well
(49:56 / All) BEAR_AND: welcome to (6)Highperch.w3x
(49:59 / All) BEAR_AND: gl hf
(50:07 / All) TIMG4STRok: (6)HIIIIIIIGHPEEEEEEEEEEERCHHHHHH!!!!!!!!!!!!!!!!!!!!
(50:27 / All) iggy_the_fisk: thanks to blizzard and all tester
(50:35 / All) iggy_the_fisk: special thanks isaac asimov jrr tolkien
(50:43 / All) BEAR_AND: http://highper.ch/ for all replays of noob owning & highperching
(51:07 / All) BEAR_AND: nice work??????????¿
(51:17 / All) iggy_the_fisk: that did not go very well 4 u
(51:45 / All) iggy_the_fisk: does anyone need gold
(51:49 / All) BEAR_AND: if im going to be frank.....it is u i must thank
(51:54 / All) iggy_the_fisk: could maybe share with fellow warcrafters
(51:57 / All) BEAR_AND: for losing all your units ahhahahhahah!!!!!!!!!!!!!!!!!!!!!!
(52:15 / All) TIMG4STRok: hahahaha stuf, this guys name is frank, he thinks hes ganna be on comics central television
(52:23 / All) TIMG4STRok: dont listen to him, he attarded
(52:25 / All) BEAR_AND: ahahahhahahhahaha noob filth trash garbage landfill loses all air army & we are untouched
(52:30 / All) imnicetoyou: you fuckers
(52:39 / All) BEAR_AND: Owned, Pwned
(52:45 / All) palandtower: like we care
(52:47 / All) BEAR_AND: ok bye
(52:50 / All) BEAR_AND: don't care? quit
(52:53 / All) TIMG4STRok: buhhhhhhhhhhhhhhhhhhh bye
(52:55 / All) palandtower: no
(52:57 / All) BEAR_AND: kiss on my toe *muah*
(52:59 / All) palandtower: like we care time
(53:01 / All) iggy_the_fisk: palandtower cares so little he going to stay and camp this guy for 2 hrs
(53:04 / All) BEAR_AND: what the fuck are you saying
(53:09 / All) BEAR_AND: you retart?
(53:17 / All) TIMG4STRok: u see that stank,.?kiss it. i lift up my ote nail and u lick the fungus stank dirt
(53:33 / All) iggy_the_fisk: you some treeloving polack or something? lol
(53:34 / All) iggy_the_fisk: get out
(53:37 / All) BEAR_AND: want to try again??
(53:45 / All) BEAR_AND: send 300food air & we'll kill it again w/o losing a single unit
(53:47 / All) BEAR_AND: try
(53:47 / All) BEAR_AND: go
(53:48 / All) BEAR_AND: go
(53:48 / All) BEAR_AND: go
(53:49 / All) BEAR_AND: go
(53:51 / All) BEAR_AND: oh wait u lose lmfao
(53:59 / All) TIMG4STRok: HAHAHAH hey u guys, hitler walked in backwarsd to poland, thats how he captured warsaw GET IT WARSAW BACKWARDS IS saw war, but 
(54:03 / All) TIMG4STRok: polish are fuckin attarded
(54:10 / All) iggy_the_fisk: DAMN owned
(54:26 / All) imnicetoyou: you guys are fucking retarded
(55:07 / All) iggy_the_fisk: aaaaaaaaaargh
(55:28 / All) BEAR_AND: not going to work,
(56:06 / All) iggy_the_fisk: imnicetoyou
(56:16 / All) iggy_the_fisk: hey
(56:28 / All) imnicetoyou: 1 down, 2 to go
(56:32 / All) BEAR_AND: ????
(56:33 / All) BEAR_AND: what u mean
(56:39 / All) palandtower: ya
(56:43 / All) palandtower: we are waitin too
(56:48 / All) palandtower: so take ur time
(56:50 / All) palandtower: ladies
(56:55 / All) iggy_the_fisk: damn...
(56:57 / All) BEAR_AND: how long do you wish to wait
(56:57 / All) iggy_the_fisk: never happened b4 :(
(57:08 / All) palandtower: the whole week?
(57:12 / All) imnicetoyou: we don't care
(57:13 / All) BEAR_AND: really.
(57:15 / All) palandtower: we dont have a life
(57:21 / All) palandtower: we dont get a fuckin laife
(57:28 / All) iggy_the_fisk: damn everyone quite
(57:32 / All) iggy_the_fisk: now how do we win
(57:34 / All) iggy_the_fisk: we do not know...
(57:40 / All) palandtower: we sit in front of computer all day long
(57:44 / All) palandtower: its our life
(57:50 / All) BEAR_AND: where u noobs from?
(57:50 / All) palandtower: like we care
(58:18 / All) palandtower: we can find in the middle
(58:24 / All) BEAR_AND: huh??????
(58:32 / All) palandtower: use all ur units
(58:36 / All) palandtower: and 4 heros
(58:39 / All) BEAR_AND: u want to have 1 big fight?
(58:39 / All) palandtower: fight in the middle
(58:40 / All) BEAR_AND: in mid?
(58:43 / All) palandtower: sure
(58:46 / All) MKandTower: lets have hero arena
(58:49 / All) BEAR_AND: hhnmmmmmm
(58:49 / All) MKandTower: heros only
(58:56 / All) BEAR_AND: if u each pay me $5, i quit
(58:59 / All) palandtower: or u wanna keep waiting?
(59:02 / All) BEAR_AND: we both quit
(59:03 / All) palandtower: k
(59:07 / All) BEAR_AND: $10 paypal to kerr.tyler@gmail.com
(59:09 / All) palandtower: take ur time ladies
(59:09 / All) BEAR_AND: and u get win
(59:15 / All) MKandTower: ok
(59:19 / All) palandtower: lol...ok
(59:20 / All) palandtower: take ur time
(59:25 / All) palandtower: wait here then
(60:57 / All) BEAR_AND: holy shit
(60:59 / All) BEAR_AND: jesus
(61:04 / All) BEAR_AND: you guys go to U of T?
(61:21 / All) BEAR_AND: hello
(61:22 / Allies) BEAR_AND: HELLO
(61:23 / All) BEAR_AND: HELLO
(61:28 / All) BEAR_AND: u from u of t?
(62:22 / All) BEAR_AND: afraid to answeR??????????????
(62:50 / All) iggy_the_fisk: afraid to meet your owner f2f
(62:56 / All) BEAR_AND: listen, i pwn u
(62:58 / All) BEAR_AND: and i go to u of t
(63:04 / All) BEAR_AND: what program you in
(63:06 / All) BEAR_AND: all of u
(63:07 / All) BEAR_AND: speak up
(63:25 / All) BEAR_AND: which college???
(63:27 / All) BEAR_AND: vic?
(63:30 / All) BEAR_AND: trin?
(63:32 / All) BEAR_AND: uc?
(63:33 / All) BEAR_AND: new?
(63:42 / All) BEAR_AND: you guys UTSC trash?
(63:44 / All) BEAR_AND: UTM nerds?
(82:49 / All) BEAR_AND: haha
(82:59 / All) BEAR_AND: you think the inventors of highperch would fall for this...
(83:01 / All) BEAR_AND: ?
(83:16 / All) BEAR_AND: listen, give me a call, 647-869-9830
(83:26 / All) BEAR_AND: i can meet you, you give me $10, i come home and iggy and i alt-qq
(91:36 / All) BEAR_AND: lmfao
(91:43 / All) BEAR_AND: all right now, shoo, begone
(131:15 / All) imnicetoyou: gg
(131:21 / All) imnicetoyou: NOT
(131:26 / All) imnicetoyou: lol... punks
(131:32 / All) imnicetoyou: i'm off, c ya
(144:35 / All) imnicetoyou: you guys gonna leave?
(144:44 / All) imnicetoyou: sup peeps?
(170:23 / All) imnicetoyou: lol... punks, ha
(170:27 / All) BEAR_AND: lmfao owned
(172:44 / All) BEAR_AND: bitches destroyed.....http://highper.ch/ for all replays
(174:23 / All) BEAR_AND: peace & ownage
(174:35 / All) imnicetoyou: lol....
(182:28 / All) BEAR_AND: lmao
(182:33 / All) BEAR_AND: not going to work sorry
(182:43 / All) palandtower: not goin to work
(182:44 / All) palandtower: sory
(182:48 / All) BEAR_AND: ?
(189:23 / All) BEAR_AND: hahahahah lmao
(189:29 / All) BEAR_AND: killing trees isn't going to make me leave
(189:43 / All) BEAR_AND: i haven't recieved my $10 yet
(189:44 / All) imnicetoyou: i don't care
(189:47 / All) BEAR_AND: paypal to kerr.tyler@gmail.com
(190:09 / All) imnicetoyou: i'll find u, and kill all your family
(190:24 / All) BEAR_AND: really
(190:29 / All) BEAR_AND: you go to u of t bitch noob?
(191:32 / All) imnicetoyou: do u care?
(191:48 / All) imnicetoyou: how can uoft have a fucking retard like you?
(191:53 / All) BEAR_AND: it would be amusing if i am owning someone from my school
(192:14 / All) BEAR_AND: what program you in little noob?
(192:18 / All) BEAR_AND: comp sci>?
(192:25 / All) BEAR_AND: engineering?
(192:38 / All) imnicetoyou: engineers
(192:47 / All) BEAR_AND: lmao
(192:48 / All) BEAR_AND: which program
(192:53 / All) imnicetoyou: ECE
(193:04 / All) BEAR_AND: ahahhahahahhahahahaha you fucking nerd virgin
(193:26 / All) imnicetoyou: haha... come down and fight?
(193:43 / All) BEAR_AND: suck on the dog dicks of a million dead pets from ancient civilizations
(194:07 / All) BEAR_AND: where do you live.
(194:12 / All) BEAR_AND: i live in kensington market
(194:29 / All) imnicetoyou: you know ELM?
(194:35 / All) BEAR_AND: elm street?
(194:39 / All) imnicetoyou: yes
(194:40 / All) BEAR_AND: like off of yonge?
(194:55 / All) imnicetoyou: elm / macaul
(194:56 / All) BEAR_AND: by the bus station?
(194:57 / All) BEAR_AND: hahah
(195:00 / All) BEAR_AND: that's pretty close...
(195:05 / All) BEAR_AND: you're near ocad then.
(195:16 / All) imnicetoyou: not far from there
(195:54 / All) BEAR_AND: that's about a 5 minute bike ride....i can come pick up my money now if you'd like
(196:30 / All) imnicetoyou: k, come, i'll meet you at BALDWIN / MACAUL
(196:42 / All) BEAR_AND: do you have a phone number/bring 10$?
(197:08 / All) imnicetoyou: u'll see me wearing a black jacket
(197:24 / All) BEAR_AND: ok, when
(197:44 / All) imnicetoyou: at 2:30 am
(197:54 / All) BEAR_AND: give me a call when it's time 647-869-9830
(197:59 / All) BEAR_AND: i can be there 5min after you call
(198:20 / All) imnicetoyou: ok
(201:19 / All) imnicetoyou: alright, i'm going to sleep,
(201:23 / All) BEAR_AND: ???
(201:29 / All) BEAR_AND: what about paying me for your win.
(201:29 / All) imnicetoyou: i won't meet you today, maybe later
(201:35 / All) BEAR_AND: lmao.
(206:37 / All) BEAR_AND: asleep hahahahah ahahahahah
(207:52 / All) BEAR_AND: ahahhahahahaha shit noobs
(213:50 / All) BEAR_AND: lmfao!!!!!!
(214:01 / All) imnicetoyou: sleep, bye bye
(214:05 / All) imnicetoyou: losers
(236:39 / All) BEAR_AND: lol.........angry>?????
(238:26 / All) BEAR_AND: lmfao
(238:44 / All) BEAR_AND: bitches ahahhahaha http://highper.ch/ for replays of your doom
(244:41 / All) BEAR_AND: patrol won't save u....ahahahahha
(252:17 / All) BEAR_AND: bwahahahaha still losing???
(268:10 / All) BEAR_AND: lmfao
(269:25 / All) BEAR_AND: greets
(269:32 / All) BEAR_AND: gl hf
(275:54 / All) BEAR_AND: enjoying your very long loss....?
(281:03 / All) BEAR_AND: :)
(281:58 / All) BEAR_AND: angry????
(285:23 / All) BEAR_AND:  
(293:03 / All) BEAR_AND: lmao
(293:09 / All) BEAR_AND: another one bites the dust
(297:18 / All) BEAR_AND: pow
(297:47 / All) BEAR_AND: *u will lose....it is inevitable* a soft voice whisper in ur ear....u begin to weep angrily
(319:08 / All) BEAR_AND: bye
(319:09 / All) BEAR_AND: go
(319:10 / All) BEAR_AND: begone